 Dungeon Crawl Stone Soup version 0.32-a0-540-g866d13106e (webtiles) character file.

Game seed: 17341238429152877560

1705 Atlas the Magician (level 8, 0/55 HPs)
             Began as a Demonspawn Fire Elementalist on Feb 28, 2024.
             Was a Follower of Vehumet.
             Slain by a sixfirhy (9 damage)
             ... summoned by a kobold demonologist
             ... on level 6 of the Dungeon.
             The game lasted 00:11:23 (6677 turns).

Atlas the Magician (Demonspawn Fire Elementalist)   Turns: 6677, Time: 00:11:24

Health: 0/55       AC:  8    Str: 10    XL:     8   Next: 73%
Magic:  9/18       EV: 12    Int: 17    God:    Vehumet [*.....]
Gold:   306        SH:  0    Dex: 13    Spells: 13/20 levels left

rFire   . . .        n - +1 mace (protect)
rCold   + + .        (no shield)
rNeg    . . .        q - +2 leather armour {rC+}
rPois   .            a - +2 hat
rElec   .            (no cloak)
rCorr   .            (no gloves)
SInv    .            (no boots)
Will    .....        (no amulet)
Stlth   ++           s - ring of protection from cold
HPRegen 0.29/turn    u - ring of flight
MPRegen 0.32/turn

%: no passive effects
@: flying, wreathed by umbra
A: claws 1, rugged brown scales 1, magic regeneration, foul shadow 2
a: Renounce Religion


You were on level 6 of the Dungeon.
You worshipped Vehumet.
Vehumet was aware of your devotion.
You visited 2 branches of the dungeon, and saw 7 of its levels.

You collected 306 gold pieces.

Inventory:

Hand Weapons
 n - a +1 mace of protection (weapon)
Armour
 a - a +2 hat (worn)
 q - a +2 leather armour of cold resistance (worn)
Jewellery
 s - a ring of protection from cold (left claw)
 u - a ring of flight (right claw)
Wands
 t - a wand of digging (4)
Scrolls
 c - 8 scrolls of identify {unknown}
 d - 2 scrolls of poison {unknown}
 e - a scroll of fear {unknown}
 h - a scroll of enchant armour {unknown}
 i - 3 scrolls of teleportation {unknown}
 m - a scroll of immolation {unknown}
 p - 3 scrolls of vulnerability {unknown}
 r - a scroll of torment {unknown}
 v - a scroll of fog {unknown}
Potions
 b - a potion of degeneration {unknown}
 f - a potion of invisibility {unknown}
 g - 3 potions of enlightenment {unknown}
 j - 5 potions of curing
 k - a potion of might {unknown}
 l - a potion of brilliance {unknown}
 o - a potion of cancellation {unknown}


   Skills:
 + Level 1.0 Fighting
 + Level 1.0 Maces & Flails
 + Level 2.1 Armour
 + Level 2.7 Dodging
 - Level 2.0 Stealth
 + Level 0.5 Unarmed Combat
 + Level 6.9 Spellcasting
 + Level 2.9 Conjurations
 + Level 6.7 Fire Magic


You had 13 spell levels left.
You knew the following spells:

 Your Spells              Type           Power      Damage    Failure   Level
a - Scorch                Fire           56%        2d7       1%          2
b - Foxfire               Conj/Fire      88%        2x1d8     2%          1
c - Flame Wave            Conj/Fire      22%        2d8       22%         4

Your spell library contained the following spells:

 Spells                   Type           Power      Damage    Failure   Level
 Shock                    Conj/Air       40%        1d5       9%          1
 Magic Dart               Conj           60%        1d6       4%          1
 Searing Ray              Conj           30%        2d5       7%          2
 Inner Flame              Hex/Fire       17%        N/A       12%         3
 Volatile Blastmotes      Fire/Tloc      34%        2d12      12%         3
 Jinxbite                 Hex            10%        N/A       24%         2
 Fulminant Prism          Conj/Alch      5%         3d6       63%         4
 Yara's Violent Unravell  Hex/Alch       2%         3d3       99%         5
 Conjure Ball Lightning   Conj/Air       5%         3x3d6     100%        6
 Enfeeble                 Hex            2%         N/A       100%        7
 Discord                  Hex            2%         N/A       100%        8
 Disjunction              Tloc           2%         N/A       100%        8


Dungeon Overview and Level Annotations

Branches:
Dungeon (6/15)             Temple (1/1) D:5

Altars:
Ashenzari
Cheibriados
Dithmenos
Fedhas
Hepliaklqana
Kikubaaqudgha
Makhleb
Nemelex Xobeh
Okawaru
Qazlal
Ru
Sif Muna
Trog
Uskayaw
Vehumet
Wu Jian
Xom

Shops:
D:3 (


Innate Abilities, Weirdness & Mutations

You have sharp fingernails.
You are partially covered in rugged brown scales. (AC +1, +3% HP)
You regenerate magic rapidly.
You are shadowed, sometimes releasing foul flame when damaged in melee.


Message History

The bullfrog barely misses you.
Casting: Scorch (safe; 1% risk of failure)
Confirm with . or Enter, or press ? or * to list all spells.
Flames lash the bullfrog.
The bullfrog is burned terribly!
You kill the bullfrog!
Vehumet accepts your kill.
You feel your power returning.
The kobold demonologist shouts!
The kobold demonologist looks braver for a moment.
Your Maces & Flails skill increases to level 1!
Casting: Scorch (safe; 1% risk of failure)
Confirm with . or Enter, or press ? or * to list all spells.
Flames lash the sleepcap but do no damage.
Unknown command.
Casting: Scorch (safe; 1% risk of failure)
Confirm with . or Enter, or press ? or * to list all spells.
Flames lash the sleepcap.
The sleepcap is moderately damaged.
The sleepcap's fire resistance burns away.
The kobold demonologist gestures wildly while chanting.
Unknown command.
Casting: Scorch (safe; 1% risk of failure)
Confirm with . or Enter, or press ? or * to list all spells.
Flames lash the sleepcap.
The sleepcap is burned terribly!
The sleepcap is moderately damaged.
The sleepcap barely misses you.
Unknown command.
The sixfirhy hits you. The sixfirhy shocks you!
The sixfirhy resists.
The sixfirhy is seared by the foul flame within you.
The sixfirhy is lightly wounded.
The kobold demonologist mumbles some strange words.
The sixfirhy closely misses you.
The kobold demonologist mumbles some strange words.
The sixfirhy hits you. The sixfirhy shocks you!
The sixfirhy resists.
The sixfirhy is seared by the foul flame within you!
The sixfirhy is lightly wounded.
The sixfirhy hits you! The sixfirhy shocks you!
* * * LOW HITPOINT WARNING * * *
The sixfirhy hits you!
You die...

########....###<#
...........# #.#
.######....# #.#
#....# #.# #....#
#.#
#....###.######
#.............#
#..........##...
........@.#
####....3.#
#......# #.....(#
#....f.# #####.##
#.# #†# #K.


You could see a sixfirhy (summoned) and a sleepcap (combustible).

Vanquished Creatures
  Eustachio (D:3)
  A centaur (D:6)
  An ogre (D:4)
  2 phantoms (D:6)
  A kobold brigand (D:5)
  Blork the orc (D:5)
  A bullfrog (D:6)
  3 scorpions
  A jelly (D:4)
  5 bombardier beetles
  3 hounds (D:5)
  A gnoll bouda (D:4)
  4 orc priests
  A sleepcap (D:3)
  3 iguanas
  3 orc wizards
  6 adders
  9 gnolls
  A white imp (D:5)
  3 dart slugs
  A ribbon worm (D:3)
  18 orcs
  9 endoplasms
  3 giant cockroaches
  11 hobgoblins
  6 jackals
  3 quokkas
  8 ball pythons
  5 bats
  5 frilled lizards
  3 goblins
  28 kobolds
  2 rats
153 creatures vanquished.

Vanquished Creatures (collateral kills)
  7 foxfires
7 creatures vanquished.

Vanquished Creatures (others)
  367 foxfires
367 creatures vanquished.

Grand Total: 527 creatures vanquished

Notes
Turn   | Place    | Note
-------+----------+-------------------------------------------
     0 | D:1      | Atlas the Demonspawn Fire Elementalist began the quest for
                  | the Orb.
     0 | D:1      | Reached XP level 1. HP: 13/13 MP: 3/3
   251 | D:1      | Gained mutation: You regenerate magic rapidly. [demonic
                  | ancestry]
   251 | D:1      | Reached XP level 2. HP: 12/19 MP: 0/5
  1177 | D:2      | Learned a level 2 spell: Scorch
  1220 | D:2      | Reached XP level 3. HP: 24/24 MP: 1/6
  2070 | D:2      | Gained mutation: You are faintly shadowed, very rarely
                  | releasing foul flame when damaged in melee. [demonic
                  | ancestry]
  2070 | D:2      | Reached XP level 4. HP: 30/30 MP: 4/7
  2289 | D:3      | Found Nac Gaz's Antique Weapon Shoppe.
  2529 | D:3      | Gained mutation: You are shadowed, sometimes releasing foul
                  | flame when damaged in melee. [demonic ancestry]
  2529 | D:3      | Reached XP level 5. HP: 35/35 MP: 6/9
  3863 | D:4      | Gained mutation: You have sharp fingernails. [demonic
                  | ancestry]
  3863 | D:4      | Reached XP level 6. HP: 41/41 MP: 1/12
  3868 | D:4      | Learned a level 4 spell: Flame Wave
  3980 | D:4      | Noticed Eustachio
  4071 | D:3      | Killed Eustachio
  4293 | D:4      | Reached skill level 5 in Fire Magic
  4308 | D:4      | Reached XP level 7. HP: 31/47 MP: 5/14
  4410 | D:4      | Reached skill level 5 in Spellcasting
  4619 | D:4      | Reached skill level 1 in Armour
  5057 | D:5      | Entered Level 5 of the Dungeon
  5152 | D:5      | Found a hazy altar of Hepliaklqana.
  5153 | D:5      | Found a shimmering blue altar of Sif Muna.
  5314 | D:5      | Noticed Blork the orc
  5323 | D:5      | Killed Blork the orc
  5324 | D:5      | Gained mutation: You are partially covered in rugged brown
                  | scales. (AC +1, +3% HP) [demonic ancestry]
  5324 | D:5      | Reached XP level 8. HP: 41/54 MP: 1/16
  5448 | D:5      | Found a staircase to the Ecumenical Temple.
  5469 | Temple   | Found a transporter.
  5469 | Temple   | Found a transporter.
  5469 | Temple   | Found a transporter.
  5469 | Temple   | Found a transporter.
  5469 | Temple   | Entered the Ecumenical Temple
  5483 | Temple   | Became a worshipper of Vehumet
  5999 | D:5      | Reached * piety under Vehumet
  5999 | D:5      | Offered knowledge of Shock by Vehumet.
  6665 | D:6      | Reached skill level 1 in Fighting
  6667 | D:6      | Noticed a kobold demonologist
  6669 | D:6      | Reached skill level 1 in Maces & Flails
  6671 | D:6      | Noticed a sixfirhy
  6677 | D:6      | Slain by a sixfirhy

Illustrated notes

Levels and vault maps discovered:
D:1:      sevenhm_arrival_forest_fort_small_3, layout_basic, serial_forest,
          infiniplex_forest_straight_2, infiniplex_forest_diagonal,
          infiniplex_forest_end_2, infiniplex_forest_straight_4,
          infiniplex_forest_3_way, infiniplex_forest_straight_3,
          infiniplex_forest_clump_double, infiniplex_forest_clump_cross,
          nrook_mini_backslash
D:2:      kennysheep_big_flooded_room, layout_loops_corners
D:3:      minmay_bubble_buster, layout_basic, serial_shops,
          nicolae_shop_advertising_works [nicolae_subvault_shop_adworks],
          nicolae_eternal_life, hellmonk_no_cap
D:4:      layout_basic, nicolae_ossuary_entry_monument, uniq_eustachio
D:5:      kennysheep_kobold_camp, layout_gridville, nicolae_overflow_squiral,
          minmay_temple_entry_drinking_statues, uniq_blork_the_orc
D:6:      layout_basic, minivault_22, st_stairs_2, uniq_sigmund
Temple:   hellmonk_temple_divided_pantheon

Skill      XL: |  1  2  3  4  5  6  7  8 |
---------------+-------------------------+-----
Fire Magic     | 3 4 5 6 |  6.7
Dodging        | 2 |  2.7
Stealth        | 2 |  2.0
Spellcasting   | 3 4 5 6 |  6.9
Conjurations   | 2 |  2.9
Armour         | 1 2 |  2.1
Fighting       | 1 |  1.0
Maces & Flails | 1 |  1.0
Unarmed Combat | |  0.5

Action                     |  1- 3 |  4- 6 |  7- 9 || total
---------------------------+-------+-------+-------++-------
  Melee: Unarmed           |    84 |     1 |       ||    85
         Punch             |     1 |       |       ||     1
         Mace              |       |    20 |    38 ||    58
   Cast: Foxfire           |    64 |    40 |   113 ||   217
         Scorch            |    12 |    61 |    64 ||   137
         Flame Wave        |       |       |     2 ||     2
    Use: Potion            |       |       |     3 ||     3
 Armour: Robe              |    32 |     2 |       ||    34
         Leather armour    |       |    59 |    93 ||   152
  Dodge: Dodged            |    34 |    51 |    67 ||   152

Table legend: (Time is in decaauts)
 A = Elapsed time spent in this place.
 B = Non-inter-level travel time spent in this place.
 C = Inter-level travel time spent in this place.
 D = Time resting spent in this place.
 E = Time spent auto-exploring this place.
 F = Levels seen in this place.
 G = Mean time per level.
                   A        B        C        D        E       F      G
               +--------+--------+--------+--------+--------+-----+--------+
         Total |   6701 |   6499 |    202 |    299 |   5066 |   7 |  957.3 |
       Dungeon |   6670 |   6478 |    192 |    299 |   5066 |   6 | 1111.7 |
        Temple |     30 |     20 |     10 |      0 |      0 |   1 |   30.0 |
               +--------+--------+--------+--------+--------+-----+--------+

Top non-repeatable levels by time:
     D:3: 1791 daAuts
     D:5: 1316 daAuts
     D:2: 1102 daAuts
     D:4: 1091 daAuts
     D:1: 1086 daAuts
     D:6: 283 daAuts
  Temple: 30 daAuts
